 Dungeon Crawl Stone Soup version 0.22-a0-803-gd6d8abeff0 (webtiles) character file.

1285 Holzbalken the Nimble (level 8, -2/41 HPs)
             Began as a Deep Elf Conjurer on July 22, 2018.
             Slain by an orc wizard
             ... wielding a +0 dagger
              (3 damage)
             ... on level 5 of the Dungeon.
             The game lasted 00:30:56 (6705 turns).

Holzbalken the Nimble (Deep Elf Conjurer)           Turns: 6705, Time: 00:30:57

Health: -2/41      AC:  9    Str:  3 (5)  XL:     8   Next: 29%
Magic:  3/18       EV: 14    Int: 22 (23) God:
Gold:   202        SH:  0    Dex: 12 (15) Spells: 7/18 levels left

rFire    . . .     SeeInvis .   e - +1 dagger (venom)
rCold    . . .     Gourm    .   (no shield)
rNeg     . . .     Faith    .   A - +0 leather armour
rPois    .         Spirit   .   b - +0 helmet
rElec    .         Reflect  .   (no cloak)
rCorr    .         Harm     .   v - +0 pair of gloves
MR       .....                  (no boots)
Stlth    ++........             (no amulet)
HPRegen  0.13/turn              t - ring of wizardry
MPRegen  0.16/turn              B - +4 ring of protection (curse)

@: no status effects
A: no striking features
a: no special abilities


You were on level 5 of the Dungeon.
You were not hungry.

You visited 1 branch of the dungeon, and saw 5 of its levels.
You also visited: Ossuary.

You collected 202 gold pieces.

Inventory:

Hand Weapons
 e - a +1 dagger of venom (weapon)
 D - a +1 vampiric spear
Armour
 a - a +0 robe
 b - a +0 helmet (worn)
 v - a +0 pair of gloves (worn)
 A - a +0 leather armour (worn)
 E - a +0 cloak
Jewellery
 h - an uncursed ring of resist corrosion
 k - a +2 ring of evasion
 t - a ring of wizardry (left hand)
 B - a cursed +4 ring of protection (right hand)
Wands
 r - a wand of enslavement (23)
 s - a wand of paralysis (14)
Scrolls
 d - 4 scrolls of remove curse {unknown}
 f - 3 scrolls of amnesia {unknown}
 g - a scroll of fear {unknown}
 i - 7 scrolls of identify {unknown}
 l - 2 scrolls of random uselessness {unknown}
 n - 5 scrolls of teleportation {unknown}
 u - a scroll of immolation {unknown}
 w - 2 scrolls of magic mapping {unknown}
 x - 3 scrolls of enchant weapon {unknown}
 y - a scroll of noise {unknown}
Potions
 j - 3 potions of degeneration
 m - a potion of flight {unknown}
 o - 2 potions of lignification {unknown}
 p - a potion of invisibility {unknown}
 q - 4 potions of curing
 z - 2 potions of haste
 C - a potion of might {unknown}
Comestibles
 c - 6 rations
 F - 7 chunks of flesh


   Skills:
 + Level 8.8 Dodging
 - Level 2.4 Stealth
 - Level 5.8 Spellcasting
 - Level 8.0 Conjurations


You had 7 spell levels left.
You knew the following spells:

 Your Spells              Type           Power        Failure   Level  Hunger
a - Magic Dart            Conj           ####         1%          1    None
b - Searing Ray           Conj           #####.       1%          2    None
c - Iskenderun's Mystic   Conj           #####...     2%          4    ####...
d - Force Lance           Conj/Tloc      ###.....     14%         4    ####...

Your spell library contained the following spells:

 Spells                   Type           Power        Failure   Level  Hunger
 Fulminant Prism          Conj/Hex       ###.......   14%         4    ####...
 Dazzling Spray           Conj/Hex       ###...       4%          3    ##.....


Dungeon Overview and Level Annotations

Branches:
Dungeon (5/15)
 Temple: D:4-7

Altars:
Okawaru

Shops:
D:5 (


Message History

You kill the worker ant!
The orb of energy explodes!
The orc priest calls upon Beogh to heal the orc wizard.
The orc wizard is healed somewhat.
You closely miss the orc wizard.
The orc wizard is lightly wounded.
The orc wizard hits you with a dagger.
The orc priest invokes the aid of Beogh against you.
Beogh smites you!
* * * LOW HITPOINT WARNING * * *
You barely miss the orc wizard.
The orc wizard is lightly wounded.
The orc wizard gestures wildly while chanting.
The orc wizard seems to speed up.
It was a potion of degeneration.
There was something very wrong with that liquid.
You feel weakened.
You feel dopey.
You feel clumsy.
The orc wizard hits you but does no damage.
The orc priest misses you. The orc wizard hits you with a dagger.
You die...

#......).. .......
#.######## .......
#.# ....... #.#
....... #.#
....... #.#
....... #.#
.......#########.#
.....†oo@........#
....?))###########
....... .......
.....). .......
....... #######


You could see an orc priest and an orc wizard.

Vanquished Creatures
  Grinder (D:3)
  A phantom (D:5)
  An ogre (D:5)
  2 water moccasin zombies (Ossuary)
  A scorpion (D:4)
  A hound (D:4)
  2 orc priests (D:3)
  A centaur skeleton (D:4)
  4 orc wizards
  An iguana (D:4)
  Ijyb (D:3)
  5 worker ants
  2 big kobold zombies (Ossuary)
  3 mummies
  A hound skeleton (D:5)
  7 gnolls
  2 river rats (D:4)
  4 adders
  4 adder zombies (Ossuary)
  3 worms
  3 dart slugs (D:2)
  4 leopard geckos
  14 orcs
  9 giant cockroaches
  3 gnoll zombies (Ossuary)
  6 goblins
  10 hobgoblins
  5 jackals
  5 kobolds
  4 quokkas
  3 ball pythons
  7 bats
  A frilled lizard (D:3)
  4 hobgoblin zombies
  A jackal skeleton (D:4)
  9 kobold zombies (Ossuary)
  6 orc zombies (Ossuary)
  13 rats
154 creatures vanquished.

Notes
Turn   | Place    | Note
-------+----------+-------------------------------------------
     0 | D:1      | Holzbalken the Deep Elf Conjurer began the quest for the Orb.
     0 | D:1      | Reached XP level 1. HP: 10/10 MP: 6/6
   398 | D:1      | Reached XP level 2. HP: 15/15 MP: 4/8
   872 | D:2      | Reached XP level 3. HP: 8/19 MP: 0/10
  1070 | D:2      | Learned a level 2 spell: Searing Ray
  1229 | D:2      | Reached skill level 5 in Conjurations
  1279 | D:2      | Found a faded altar of an unknown god.
  1687 | D:2      | Reached XP level 4. HP: 24/24 MP: 4/12
  2187 | D:3      | Noticed Grinder
  2199 | D:3      | Paralysed by Grinder for 2 turns
  2210 | D:3      | Killed Grinder
  2210 | D:3      | Reached skill level 5 in Spellcasting
  2210 | D:3      | Reached XP level 5. HP: 23/28 MP: 0/15
  2210 | D:3      | Reached XP level 6. HP: 26/32 MP: 0/16
  3198 | D:3      | Noticed Ijyb
  3207 | D:3      | Killed Ijyb
  3668 | D:4      | Found a sand-covered staircase.
  3752 | Ossuary  | Entered an ossuary
  3925 | Ossuary  | Reached skill level 5 in Dodging
  3925 | Ossuary  | Reached XP level 7. HP: 30/36 MP: 9/17
  4101 | Ossuary  | Learned a level 4 spell: Iskenderun's Mystic Blast
  4106 | Ossuary  | Learned a level 4 spell: Force Lance
  5441 | D:4      | Found an iron altar of Okawaru.
  6054 | D:5      | Entered Level 5 of the Dungeon
  6300 | D:5      | Reached XP level 8. HP: 19/41 MP: 1/18
  6463 | D:5      | Found Gutapri's Antique Weapon Shoppe.
  6703 | D:5      | HP: 1/41 [orc priest/divine providence (16)]
  6705 | D:5      | Slain by an orc wizard

Vault maps used:
D:1:      dpeg_cavernosity
D:2:      chequers_ecumenical_altar_simple, kennysheep_generic_room_5
D:3:      first_ration, uniq_ijyb, uniq_grinder
D:4:      portal_sewer_entry_e, nicolae_ossuary_entry_giza,
          kennysheep_okawaru_gauntlet
D:5:      serial_shops, shop, minmay_misc_feat_rows
Ossuary:  ossuary_tomb_2

Skill      XL: |  1  2  3  4  5  6  7  8 |
---------------+-------------------------+-----
Dodging        | 3 4 5 7 8 |  8.8
Spellcasting   | 4 5 |  5.8
Conjurations   | 5 6 7 8 |  8.0
Stealth        | |  2.4

Action                   |  1- 3 |  4- 6 |  7- 9 || total
-------------------------+-------+-------+-------++-------
Melee: Dagger            |     6 |    20 |    51 ||    77
 Cast: Magic Dart        |    75 |    85 |   106 ||   266
       Searing Ray       |     9 |    38 |       ||    47
       Iskenderun's Myst |       |       |    39 ||    39
       Force Lance       |       |       |     4 ||     4
  Use: Potion            |     1 |       |     1 ||     2
 Stab: Sleeping          |       |     1 |       ||     1
  Eat: Chunk             |     2 |     7 |     7 ||    16
       Ration            |       |       |     2 ||     2
Armor: Robe              |       |     4 |     7 ||    11
       Leather armour    |       |       |    24 ||    24
Dodge: Dodged            |    16 |    35 |    67 ||   118

Table legend:
 A = Spawn XP
 B = Non-spawn XP
 C = Spawn XP percentage of total XP
 D = Spawn monster count
 E = Non-spawn monster count
 F = Spawn count percentage of total count
 G = Total turns spent on level
                    A         B        C        D         E        F      G
               +---------+---------+-------+---------+---------+-------+---------
         Total |       0 |    1837 |   0.0 |       0 |     153 |   0.0 |  6705
               +---------+---------+-------+---------+---------+-------+---------
           D:1 |       0 |      23 |   0.0 |       0 |      14 |   0.0 |   825
           D:2 |       0 |      86 |   0.0 |       0 |      27 |   0.0 |  1342
           D:3 |       0 |     512 |   0.0 |       0 |      29 |   0.0 |  1328
           D:4 |       0 |     442 |   0.0 |       0 |      35 |   0.0 |  1571
           D:5 |       0 |     512 |   0.0 |       0 |      19 |   0.0 |   651
       Ossuary |       0 |     262 |   0.0 |       0 |      29 |   0.0 |   988
               +---------+---------+-------+---------+---------+-------+---------
